 Dungeon Crawl Stone Soup version 0.18-a0-116-g2d311b1 (webtiles) character file.

137 ReteAZ the Ruffian (level 5, 0/48 HPs)
             Began as a Troll Warper on Nov 17, 2015.
             Killed by vampiric draining
             ... invoked by Mulkerokala's ghost
              (11 damage)
             ... in an ossuary.
             The game lasted 00:06:25 (1950 turns).

ReteAZ the Ruffian (Troll Warper)                   Turns: 1950, Time: 00:06:25

Health: 0/48       AC:  5    Str: 24    XL:     5   Next: 0%
Magic:  5/5        EV: 10    Int:  9    God:
Gold:   70         SH:  0    Dex: 10    Spells: 2 memorised, 3 levels left

rFire  . . .     SeeInvis .       - Unarmed
rCold  . . .     Clarity  .     a - +0 robe
rNeg   . . .     SustAt   .     (no shield)
rPois  .         Gourm    +     (helmet restricted)
rElec  .         Spirit   .     (no cloak)
rCorr  .         Warding  .     (gloves unavailable)
rMut   .         Stasis   .     (boots unavailable)
MR     .....                    (no amulet)
Stlth  +.........               (no ring)
                                (no ring)

@: mighty, not resistant to hostile enchantments, very unstealthy
A: unfitting armour, claws 3, fast metabolism 3, gourmand, regeneration 2,
shaggy fur 1, tough skin 2
a: no special abilities


You were in an ossuary.
You were very full.

You visited 1 branch of the dungeon, and saw 4 of its levels.
You also visited: Ossuary.

You collected 70 gold pieces.

Inventory:

Missiles
 d - 3 tomahawks of dispersal (quivered)
Armour
 a - a +0 robe (worn)
Jewellery
 g - an uncursed ring of flight {unknown}
Scrolls
 c - a scroll of blinking
 i - a scroll of recharging
 k - a scroll of enchant weapon
 o - a scroll of noise {unknown}
Potions
 h - a potion of cancellation
 j - a potion of degeneration {unknown}
 l - a potion of heal wounds {unknown}
 p - a potion of mutation {unknown}
Books
 b - a book of Spatial Translocations

   Spells                             Type                      Level
   a - Apportation                    Translocation                1
   b - Blink                          Translocation                2
   c - Shroud of Golubria             Charms/Translocation         2
   d - Portal Projectile              Translocation                3
   e - Teleport Other                 Translocation                3
   f - Passage of Golubria            Translocation                4
Comestibles
 e - 3 bread rations {@e1}
 n - 3 chunks of flesh {@w0}


   Skills:
 - Level 1.5 Fighting
 - Level 0.8 Throwing
 - Level 1.9 Dodging
 + Level 5.2 Unarmed Combat
 - Level 1.2 Spellcasting
 - Level 2.1 Translocations


You had 3 spell levels left.
You knew the following spells:

 Your Spells              Type           Power        Failure   Level  Hunger
a - Apportation           Tloc           #.........   14%         1    ##.....
b - Blink                 Tloc           N/A          21%         2    ###....


Dungeon Overview and Level Annotations

Branches:
Dungeon (4/15)
 Temple: D:4-7

Altars:
Ashenzari
Fedhas
Nemelex Xobeh
Qazlal

Annotations:
Ossuary Mulkerokala's ghost, novice DDNe


Innate Abilities, Weirdness & Mutations

You are too large for most types of armour.
You have claws for hands.
Your metabolism is lightning-fast.
You like to eat raw meat.
You heal very quickly.
You are covered in fur (AC +1).
You have very tough skin (AC +2).


Message History

* * * LOW HITPOINT WARNING * * *
Mulkerokala's ghost draws life force from you and is healed!
You claw Mulkerokala's ghost!
Mulkerokala's ghost is heavily damaged.
Mulkerokala's ghost hits you but does no damage.
Mulkerokala's ghost barely misses you.
An orc skeleton comes into view.
Drink which item? (? for menu, Esc to quit)
It was a potion of cancellation.
Your magical effects are unravelling.
You feel magically purged.
You feel a little less clever now.
The orc skeleton moves out of view.
Mulkerokala's ghost hits you but does no damage.
Drink which item? (? for menu, Esc to quit)
It was a potion of might.
You feel very mighty all of a sudden.
You float gracefully downwards.
Mulkerokala's ghost is infused with unholy energy.
You die...

.. ####'## ##......
.. .. ##...##'##..
... ##...##W..##.
....#...##.!.?.## .
....'...#..!!?!.# ..
....#..W##.???.##...
... ##..@##...##...#
. ##...#####...#
##.........# ..
..#####'#####...
................
................
######'''######
####...####
#..'...'..#


You could see a wraith and Mulkerokala's ghost.

Vanquished Creatures
  A mummy (Ossuary)
  3 gnolls (D:2)
  3 adders (D:2)
  4 worms (D:2)
  3 giant geckos
  5 bats
  14 goblins
  4 hobgoblins
  3 jackals (D:2)
  2 kobolds (D:2)
  5 giant newts
  3 gnoll skeletons (Ossuary)
  3 kobold skeletons (Ossuary)
  3 orc skeletons (Ossuary)
  A quokka skeleton (D:4)
  2 rats
59 creatures vanquished.

Notes
Turn   | Place    | Note
--------------------------------------------------------------
     0 | D:1      | ReteAZ the Troll Warper began the quest for the Orb.
     0 | D:1      | Reached XP level 1. HP: 19/19 MP: 1/1
   402 | D:1      | Found a shattered altar of Ashenzari.
   464 | D:1      | Reached XP level 2. HP: 25/27 MP: 2/2
   748 | D:1      | Reached skill level 3 in Unarmed Combat
   864 | D:2      | Found a stormy altar of Qazlal.
   866 | D:2      | Noticed an earth elemental
   867 | D:2      | Noticed an air elemental
   867 | D:2      | Noticed a fire elemental
   867 | D:2      | Noticed a water elemental
   888 | D:2      | Reached XP level 3. HP: 29/33 MP: 3/3
  1054 | D:2      | Found a blossoming altar of Fedhas.
  1070 | D:2      | Reached skill level 4 in Unarmed Combat
  1093 | D:2      | Learned a level 2 spell: Blink
  1360 | D:2      | Reached XP level 4. HP: 41/41 MP: 4/4
  1370 | D:2      | Found a sparkling altar of Nemelex Xobeh.
  1663 | D:2      | Reached skill level 5 in Unarmed Combat
  1849 | D:4      | Found a sand-covered staircase.
  1854 | Ossuary  | Entered an ossuary
  1854 | Ossuary  | Noticed a wraith
  1854 | Ossuary  | Noticed a wraith
  1854 | Ossuary  | Noticed a wraith
  1891 | Ossuary  | Reached XP level 5. HP: 42/48 MP: 5/5
  1927 | Ossuary  | Noticed a wraith
  1931 | Ossuary  | Noticed Mulkerokala's ghost (novice DDNe)
  1950 | Ossuary  | Killed from afar by Mulkerokala's ghost

Vault maps used:
D:1:      tarquinn_simple_flora_water_e, ashenzari_altar_1
D:2:      nicolae_qazlal_style_of_elements, nemelex_deck, fedhas_altar_3,
          minmay_goblin_outpost
D:3:      xom_butterflies, overflow_temple_1_default, first_bread,
          nicolae_ru_great_annihilating_truth, uniq_crazy_yiuf_cottage
D:4:      tso_metal_star, nicolae_ossuary_entry_false_entrances,
          minmay_gold_behind_fungi, minmay_misc_feat_enclosed,
          nicolae_gozag_cash_rules_everything_around_me
Ossuary:  ossuary_due_mausoleum

Action                   |  1- 3 |  4- 6 || total
-------------------------+-------+-------++-------
Melee: Unarmed           |    97 |    71 ||   168
Throw: Tomahawk          |     2 |       ||     2
 Cast: Blink             |     4 |       ||     4
  Use: Scroll            |       |     3 ||     3
       Potion            |       |     4 ||     4
 Stab: Sleeping          |     2 |       ||     2
  Eat: Chunk             |    18 |     4 ||    22
